3049 views
Uploaded 2019-12-01 23:10:20
Game version 1.32.0.3 / 1.32.0.3.1
13:37 long 4on4 ladder game on (8)Feralas_LV
Saved by BEARAND
3049 views
Uploaded 2019-12-01 23:10:20
Game version 1.32.0.3 / 1.32.0.3.1
13:37 long 4on4 ladder game on (8)Feralas_LV


91 units @ 12.2k
/ 1.2k
51 buildings @ 8.4k
/ 2.8k


| Rod of Necromancy | 2 | 300 |
| Potion of Healing | 1 | 150 |
| total: | 3 | 450g |
| Acolyte | 4 | 300 | / | 0 |
| Ghoul | 2 | 240 | / | 0 |
| Crypt Fiend | 9 | 1935 | / | 360 |
| Obsidian Statue | 2 | 400 | / | 70 |
| total: | 17 | 2875g | / | 430w |
| Crypt | 1 | 200 | / | 50 |
| Graveyard | 1 | 215 | / | 0 |
| Altar of Darkness | 1 | 180 | / | 50 |
| Ziggurat | 4 | 600 | / | 200 |
| Tomb of Relics | 1 | 130 | / | 30 |
| Necropolis | 2 | 450 | / | 0 |
| Slaughterhouse | 1 | 140 | / | 135 |
| Halls of the Dead | 2 | 640 | / | 420 |
| total: | 11 | 1915g | / | 465w |
| 0:05 | Acolyte |
| 0:10 | Crypt |
| 0:12 | Graveyard |
| 0:20 | Acolyte |
| 0:43 | Altar of Darkness |
| 0:57 | Ziggurat |
| 1:12 | Ghoul |
| 1:26 | Tomb of Relics |
| 1:49 | Crypt Fiend |
| 2:01 | Ziggurat |
| 2:22 | Crypt Fiend |
| 2:45 | Rod of Necromancy |
| 2:51 | Death Coil |
| 2:59 | Crypt Fiend |
| 2:59 | Crypt Fiend |
| 3:46 | Unholy Aura |
| 3:50 | Halls of the Dead |
| 3:53 | Crypt Fiend |
| 4:56 | Ziggurat |
| 4:58 | Creature Attack |
| 5:01 | Ghoul |
| 5:16 | Death Coil |
| 6:37 | Slaughterhouse |
| 6:38 | Acolyte |
| 6:43 | Ziggurat |
| 6:51 | Potion of Healing |
| 6:52 | Rod of Necromancy |
| 7:07 | Necropolis |
| 7:32 | Frost Nova |
| 7:53 | Obsidian Statue |
| 7:54 | Crypt Fiend |
| 8:30 | Obsidian Statue |
| 8:33 | Crypt Fiend |
| 9:01 | Acolyte |
| 9:16 | Web |
| 9:36 | Necropolis |
| 10:29 | Crypt Fiend |
| 10:30 | Crypt Fiend |
| Right click | 365 |
| Select group | 265 |
| Select | 187 |
| Misc. action | 105 |
| Build/train/purchase | 46 |
| Use ability | 18 |
| Assign group | 15 |
| Chat | 12 |
| Item give/drop | 2 |
| Esc | 2 |

| Wisp | 16 | 960 | / | 0 |
| Archer | 2 | 260 | / | 20 |
| Huntress | 10 | 1950 | / | 200 |
| total: | 28 | 3170g | / | 220w |
| Ancient Protector | 6 | 810 | / | 480 |
| Ancient of War | 1 | 150 | / | 60 |
| Moon Well | 3 | 540 | / | 120 |
| Altar of Elders | 1 | 180 | / | 50 |
| Hunter's Hall | 1 | 210 | / | 100 |
| Ancient of Wonders | 1 | 90 | / | 30 |
| Tree of Life | 1 | 340 | / | 185 |
| Tree of Ages | 1 | 320 | / | 180 |
| total: | 14 | 2320g | / | 1025w |
| 0:04 | Wisp |
| 0:13 | Ancient of War |
| 0:15 | Wisp |
| 0:24 | Moon Well |
| 0:27 | Wisp |
| 0:33 | Altar of Elders |
| 0:36 | Wisp |
| 1:04 | Wisp |
| 1:04 | Wisp |
| 1:10 | Wisp |
| 1:11 | Wisp |
| 1:28 | Archer |
| 1:45 | Archer |
| 1:50 | Wisp |
| 2:05 | Hunter's Hall |
| 2:15 | Moon Well |
| 2:25 | Moon Well |
| 2:41 | Ancient of Wonders |
| 2:48 | Wisp |
| 2:51 | Wisp |
| 2:51 | Wisp |
| 2:57 | Trueshot Aura |
| 3:13 | Strength of the Moon |
| 3:29 | Huntress |
| 3:43 | Huntress |
| 3:54 | Moon Armor |
| 3:57 | Wisp |
| 4:27 | Huntress |
| 4:31 | Wisp |
| 4:31 | Wisp |
| 5:28 | Huntress |
| 5:28 | Huntress |
| 5:43 | Tree of Ages |
| 5:55 | Ultravision |
| 6:28 | Searing Arrows |
| 6:42 | Tree of Life |
| 6:45 | Huntress |
| 6:57 | Huntress |
| 7:23 | Huntress |
| 8:40 | Ancient Protector |
| 8:42 | Ancient Protector |
| 8:45 | Ancient Protector |
| 9:01 | Wisp |
| 9:10 | Ancient Protector |
| 9:14 | Ancient Protector |
| 9:19 | Ancient Protector |
| 9:43 | Nature's Blessing |
| 9:45 | Moon Glaive |
| 9:45 | Huntress |
| 9:52 | Trueshot Aura |
| 10:35 | Huntress |
| 10:37 | Improved Strength of the Moon |
| Right click | 172 |
| Select | 109 |
| Select group | 87 |
| Build/train/purchase | 48 |
| Misc. action | 18 |
| Assign group | 14 |
| Use ability | 4 |
| Remove unit | 1 |
| Minimap ping | 1 |

| Rod of Necromancy | 1 | 150 |
| total: | 1 | 150g |
| Acolyte | 7 | 525 | / | 0 |
| Ghoul | 13 | 1560 | / | 0 |
| Meat Wagon | 4 | 920 | / | 200 |
| Necromancer | 4 | 580 | / | 80 |
| total: | 28 | 3585g | / | 280w |
| Spirit Tower | 2 | 290 | / | 80 |
| Crypt | 1 | 200 | / | 50 |
| Altar of Darkness | 1 | 180 | / | 50 |
| Ziggurat | 10 | 1500 | / | 500 |
| Tomb of Relics | 1 | 130 | / | 30 |
| Graveyard | 1 | 215 | / | 0 |
| Temple of the Damned | 1 | 155 | / | 140 |
| Slaughterhouse | 1 | 140 | / | 135 |
| Halls of the Dead | 1 | 320 | / | 210 |
| Black Citadel | 1 | 325 | / | 230 |
| total: | 16 | 2520g | / | 905w |
| 0:10 | Crypt |
| 0:13 | Altar of Darkness |
| 0:19 | Ziggurat |
| 0:25 | Acolyte |
| 0:25 | Acolyte |
| 0:41 | Ziggurat |
| 1:03 | Ziggurat |
| 1:14 | Ghoul |
| 1:34 | Ghoul |
| 1:38 | Tomb of Relics |
| 1:52 | Ghoul |
| 2:11 | Ghoul |
| 2:21 | Ziggurat |
| 2:28 | Cannibalize |
| 2:35 | Sleep |
| 2:57 | Rod of Necromancy |
| 3:19 | Ghoul |
| 3:19 | Ghoul |
| 3:38 | Graveyard |
| 4:02 | Ghoul |
| 4:02 | Ghoul |
| 4:18 | Vampiric Aura |
| 4:25 | Halls of the Dead |
| 5:02 | Unholy Strength |
| 5:02 | Unholy Armor |
| 5:05 | Ziggurat |
| 6:17 | Ghoul |
| 6:17 | Ghoul |
| 6:19 | Ghoul |
| 6:24 | Carrion Swarm |
| 6:45 | Acolyte |
| 6:46 | Acolyte |
| 6:46 | Acolyte |
| 6:46 | Acolyte |
| 6:47 | Acolyte |
| 7:00 | Temple of the Damned |
| 7:08 | Slaughterhouse |
| 7:14 | Ziggurat |
| 7:35 | Ziggurat |
| 7:36 | Ziggurat |
| 7:41 | Ziggurat |
| 8:31 | Skeletal Mastery |
| 8:33 | Exhume Corpses |
| 8:35 | Improved Unholy Strength |
| 8:36 | Improved Unholy Armor |
| 8:43 | Ghoul |
| 8:43 | Ghoul |
| 8:46 | Spirit Tower |
| 8:57 | Meat Wagon |
| 9:52 | Spirit Tower |
| 9:58 | Necromancer |
| 9:58 | Necromancer |
| 9:58 | Necromancer |
| 10:16 | Ziggurat |
| 10:21 | Meat Wagon |
| 10:21 | Meat Wagon |
| 10:21 | Meat Wagon |
| 10:24 | Necromancer |
| 10:24 | Necromancer Adept Training |
| 10:34 | Black Citadel |
| 10:58 | Carrion Swarm |
| Right click | 347 |
| Select | 181 |
| Select group | 63 |
| Build/train/purchase | 52 |
| Misc. action | 25 |
| Use ability | 15 |
| Assign group | 7 |
| Minimap ping | 4 |
| Item give/drop | 2 |
| Esc | 1 |


| Rod of Necromancy | 1 | 150 |
| Potion of Healing | 2 | 300 |
| Sacrificial Skull | 1 | 50 |
| total: | 4 | 500g |
| Acolyte | 8 | 600 | / | 0 |
| Crypt Fiend | 8 | 1720 | / | 320 |
| Ghoul | 2 | 240 | / | 0 |
| total: | 18 | 2560g | / | 320w |
| Spirit Tower | 1 | 145 | / | 40 |
| Altar of Darkness | 1 | 180 | / | 50 |
| Ziggurat | 6 | 900 | / | 300 |
| Graveyard | 1 | 215 | / | 0 |
| Crypt | 1 | 200 | / | 50 |
| Tomb of Relics | 1 | 130 | / | 30 |
| Halls of the Dead | 1 | 320 | / | 210 |
| total: | 10 | 1625g | / | 430w |
| 0:15 | Acolyte |
| 0:15 | Acolyte |
| 0:26 | Altar of Darkness |
| 0:36 | Ziggurat |
| 0:58 | Graveyard |
| 1:42 | Crypt |
| 1:51 | Ziggurat |
| 2:17 | Acolyte |
| 2:39 | Death Coil |
| 2:50 | Crypt Fiend |
| 2:50 | Crypt Fiend |
| 3:00 | Ghoul |
| 3:00 | Ghoul |
| 3:14 | Tomb of Relics |
| 3:40 | Ziggurat |
| 3:47 | Crypt Fiend |
| 3:47 | Crypt Fiend |
| 4:23 | Rod of Necromancy |
| 5:55 | Unholy Aura |
| 6:44 | Halls of the Dead |
| 6:53 | Ziggurat |
| 6:55 | Ziggurat |
| 6:57 | Ziggurat |
| 7:03 | Crypt Fiend |
| 7:04 | Crypt Fiend |
| 8:45 | Death Coil |
| 9:19 | Spirit Tower |
| 9:30 | Web |
| 9:34 | Crypt Fiend |
| 9:34 | Crypt Fiend |
| 9:40 | Creature Carapace |
| 9:43 | Creature Attack |
| 9:50 | Potion of Healing |
| 9:59 | Potion of Healing |
| 10:30 | Frost Nova |
| 10:48 | Improved Creature Carapace |
| 11:16 | Sacrificial Skull |
| 11:24 | Acolyte |
| 11:24 | Acolyte |
| 11:25 | Acolyte |
| 11:25 | Acolyte |
| 12:34 | Acolyte |
| 12:39 | Improved Creature Attack |
| Select | 100 |
| Select group | 64 |
| Right click | 63 |
| Misc. action | 53 |
| Build/train/purchase | 38 |
| Assign group | 11 |
| Use ability | 10 |
| Remove unit | 3 |
| Item give/drop | 1 |
| Esc | 1 |
107 units @ 8.1k
/ 0k
209 buildings @ 14k
/ 7.3k



x1)
| Boots of Speed | 2 | 500 |
| Staff of Teleportation | 3 | 450 |
| Tome of Retraining | 1 | 300 |
| total: | 6 | 1250g |
| Peasant | 15 | 1125 | / | 0 |
| Priest | 1 | 135 | / | 10 |
| total: | 16 | 1260g | / | 10w |
| Scout Tower | 24 | 720 | / | 480 |
| Arcane Tower | 3 | 210 | / | 150 |
| Guard Tower | 18 | 1260 | / | 900 |
| Altar of Kings | 1 | 180 | / | 50 |
| Farm | 6 | 480 | / | 120 |
| Lumber Mill | 1 | 120 | / | 0 |
| Town Hall | 1 | 385 | / | 205 |
| Arcane Vault | 2 | 260 | / | 60 |
| Arcane Sanctum | 1 | 150 | / | 140 |
| Keep | 1 | 320 | / | 210 |
| Castle | 2 | 720 | / | 420 |
| total: | 36 | 2295g | / | 1055w |
| 0:01 | Peasant |
| 0:02 | Peasant |
| 0:06 | Altar of Kings |
| 0:18 | Farm |
| 0:26 | Peasant |
| 0:35 | Peasant |
| 0:41 | Farm |
| 0:49 | Lumber Mill |
| 0:57 | Peasant |
| 1:04 | Peasant |
| 1:17 | Peasant |
| 1:23 | Scout Tower |
| 1:25 | Peasant |
| 1:32 | Peasant |
| 1:37 | Scout Tower |
| 1:40 | Scout Tower |
| 1:41 | Peasant |
| 1:49 | Arcane Tower |
| 2:06 | Scout Tower |
| 2:07 | Summon Water Elemental |
| 2:12 | Guard Tower |
| 2:23 | Peasant |
| 2:23 | Peasant |
| 2:26 | Scout Tower |
| 2:27 | Scout Tower |
| 2:36 | Guard Tower |
| 3:03 | Peasant |
| 3:03 | Peasant |
| 3:03 | Peasant |
| 3:06 | Guard Tower |
| 3:06 | Guard Tower |
| 3:33 | Brilliance Aura |
| 3:58 | Keep |
| 4:27 | Farm |
| 4:31 | Guard Tower |
| 4:32 | Scout Tower |
| 4:34 | Scout Tower |
| 4:45 | Boots of Speed |
| 4:45 | Staff of Teleportation |
| 5:33 | Guard Tower |
| 5:34 | Scout Tower |
| 5:35 | Scout Tower |
| 5:35 | Scout Tower |
| 5:36 | Scout Tower |
| 5:36 | Scout Tower |
| 5:37 | Scout Tower |
| 5:37 | Scout Tower |
| 5:38 | Scout Tower |
| 5:38 | Scout Tower |
| 5:39 | Scout Tower |
| 6:01 | Guard Tower |
| 6:04 | Improved Masonry |
| 6:06 | Summon Water Elemental |
| 6:08 | Guard Tower |
| 6:12 | Town Hall |
| 6:47 | Guard Tower |
| 6:52 | Scout Tower |
| 6:52 | Scout Tower |
| 6:52 | Guard Tower |
| 7:26 | Guard Tower |
| 7:30 | Arcane Sanctum |
| 7:41 | Storm Bolt |
| 8:26 | Castle |
| 8:29 | Arcane Tower |
| 8:29 | Guard Tower |
| 8:31 | Scout Tower |
| 8:33 | Scout Tower |
| 8:33 | Scout Tower |
| 8:34 | Scout Tower |
| 8:48 | Magic Sentry |
| 8:54 | Arcane Vault |
| 9:19 | Advanced Masonry |
| 9:19 | Improved Lumber Harvesting |
| 9:40 | Arcane Vault |
| 9:44 | Guard Tower |
| 10:10 | Farm |
| 10:10 | Farm |
| 10:11 | Farm |
| 10:26 | Tome of Retraining |
| 10:26 | Retrain Hero |
| 10:31 | Staff of Teleportation |
| 10:31 | Staff of Teleportation |
| 10:55 | Boots of Speed |
| 11:54 | Priest |
| 11:55 | Priest Adept Training |
| 12:07 | Imbued Masonry |
| 12:38 | Blizzard |
| 12:39 | Brilliance Aura |
| 12:39 | Blizzard |
| 12:41 | Guard Tower |
| 12:42 | Guard Tower |
| 13:19 | Brilliance Aura |
| 13:29 | Holy Light |
| 13:33 | Bash |
| Right click | 1113 |
| Select | 243 |
| Select group | 226 |
| Build/train/purchase | 142 |
| Chat | 102 |
| Assign group | 44 |
| Use ability | 18 |
| Minimap ping | 12 |
| Misc. action | 10 |
| Item give/drop | 1 |
| Remove unit | 1 |



| Lesser Clarity Potion | 1 | 70 |
| Staff of Sanctuary | 3 | 750 |
| Staff of Teleportation | 2 | 300 |
| Boots of Speed | 3 | 750 |
| Circlet of Nobility | 1 | 175 |
| Periapt of Vitality | 2 | 650 |
| Healing Salve | 1 | 100 |
| Orb of Lightning | 1 | 375 |
| total: | 14 | 3170g |
| Peasant | 24 | 1800 | / | 0 |
| Priest | 1 | 135 | / | 10 |
| total: | 25 | 1935g | / | 10w |
| Scout Tower | 32 | 960 | / | 640 |
| Arcane Tower | 3 | 210 | / | 150 |
| Guard Tower | 12 | 840 | / | 600 |
| Altar of Kings | 1 | 180 | / | 50 |
| Farm | 4 | 320 | / | 80 |
| Lumber Mill | 1 | 120 | / | 0 |
| Town Hall | 1 | 385 | / | 205 |
| Arcane Vault | 3 | 390 | / | 90 |
| Barracks | 1 | 160 | / | 60 |
| Blacksmith | 1 | 140 | / | 60 |
| Arcane Sanctum | 1 | 150 | / | 140 |
| Gryphon Aviary | 1 | 140 | / | 150 |
| Keep | 1 | 320 | / | 210 |
| Castle | 1 | 360 | / | 210 |
| total: | 46 | 2945g | / | 1475w |
| 0:05 | Peasant |
| 0:06 | Peasant |
| 0:06 | Peasant |
| 0:10 | Altar of Kings |
| 0:13 | Farm |
| 0:24 | Peasant |
| 0:35 | Peasant |
| 0:54 | Lumber Mill |
| 0:58 | Peasant |
| 1:07 | Farm |
| 1:11 | Scout Tower |
| 1:18 | Peasant |
| 1:18 | Peasant |
| 1:26 | Peasant |
| 1:27 | Peasant |
| 1:37 | Arcane Tower |
| 1:40 | Peasant |
| 1:41 | Peasant |
| 1:51 | Scout Tower |
| 1:53 | Peasant |
| 1:53 | Peasant |
| 2:02 | Peasant |
| 2:10 | Scout Tower |
| 2:12 | Summon Water Elemental |
| 2:22 | Guard Tower |
| 2:24 | Peasant |
| 2:25 | Peasant |
| 2:50 | Scout Tower |
| 2:53 | Peasant |
| 2:57 | Guard Tower |
| 3:20 | Guard Tower |
| 3:23 | Scout Tower |
| 3:37 | Brilliance Aura |
| 3:54 | Guard Tower |
| 3:56 | Keep |
| 3:57 | Scout Tower |
| 4:07 | Town Hall |
| 4:12 | Staff of Teleportation |
| 4:12 | Boots of Speed |
| 4:32 | Scout Tower |
| 4:37 | Improved Masonry |
| 4:46 | Farm |
| 4:49 | Farm |
| 4:55 | Guard Tower |
| 5:06 | Guard Tower |
| 5:07 | Scout Tower |
| 5:20 | Healing Salve |
| 5:20 | Lesser Clarity Potion |
| 5:47 | Guard Tower |
| 5:48 | Scout Tower |
| 5:50 | Scout Tower |
| 6:17 | Castle |
| 6:31 | Peasant |
| 6:31 | Peasant |
| 6:34 | Summon Water Elemental |
| 6:44 | Arcane Tower |
| 6:51 | Improved Lumber Harvesting |
| 7:14 | Arcane Sanctum |
| 7:27 | Storm Bolt |
| 7:42 | Staff of Teleportation |
| 7:42 | Boots of Speed |
| 7:42 | Circlet of Nobility |
| 7:42 | Periapt of Vitality |
| 8:20 | Arcane Vault |
| 8:21 | Arcane Vault |
| 8:22 | Arcane Vault |
| 8:27 | Scout Tower |
| 8:27 | Scout Tower |
| 8:28 | Scout Tower |
| 8:29 | Scout Tower |
| 8:29 | Scout Tower |
| 8:30 | Scout Tower |
| 8:30 | Scout Tower |
| 8:32 | Guard Tower |
| 8:34 | Scout Tower |
| 8:35 | Scout Tower |
| 8:35 | Scout Tower |
| 8:37 | Magic Sentry |
| 8:40 | Advanced Lumber Harvesting |
| 9:02 | Guard Tower |
| 9:37 | Priest |
| 9:38 | Priest Adept Training |
| 9:39 | Advanced Masonry |
| 9:54 | Staff of Sanctuary |
| 9:58 | Holy Light |
| 9:59 | Staff of Sanctuary |
| 10:01 | Guard Tower |
| 10:23 | Peasant |
| 10:23 | Peasant |
| 10:32 | Boots of Speed |
| 10:34 | Periapt of Vitality |
| 11:01 | Scout Tower |
| 11:01 | Scout Tower |
| 11:04 | Gryphon Aviary |
| 11:11 | Barracks |
| 11:16 | Blacksmith |
| 11:28 | Guard Tower |
| 12:02 | Guard Tower |
| 12:04 | Peasant |
| 12:05 | Peasant |
| 12:09 | Staff of Sanctuary |
| 12:17 | Orb of Lightning |
| 12:21 | Arcane Tower |
| 12:32 | Scout Tower |
| 12:33 | Scout Tower |
| 12:34 | Scout Tower |
| 12:35 | Scout Tower |
| 12:36 | Scout Tower |
| 12:36 | Scout Tower |
| 12:37 | Scout Tower |
| 12:37 | Scout Tower |
| 12:41 | Scout Tower |
| 12:42 | Scout Tower |
| 13:21 | Bash |
| Right click | 626 |
| Select group | 445 |
| Select | 177 |
| Build/train/purchase | 125 |
| Use ability | 40 |
| Misc. action | 32 |
| Minimap ping | 14 |
| Chat | 14 |
| Assign group | 8 |
| Item give/drop | 8 |
| Esc | 1 |


| Healing Salve | 3 | 300 |
| Lesser Clarity Potion | 1 | 70 |
| Boots of Speed | 2 | 500 |
| Staff of Teleportation | 1 | 150 |
| Circlet of Nobility | 1 | 175 |
| total: | 8 | 1195g |
| Peon | 18 | 1350 | / | 0 |
| total: | 18 | 1350g | / | 0w |
| Watch Tower | 21 | 2310 | / | 1680 |
| Altar of Storms | 1 | 180 | / | 50 |
| Orc Burrow | 3 | 480 | / | 120 |
| War Mill | 1 | 205 | / | 0 |
| Voodoo Lounge | 4 | 520 | / | 120 |
| Great Hall | 2 | 770 | / | 370 |
| Stronghold | 1 | 315 | / | 190 |
| Fortress | 1 | 325 | / | 190 |
| total: | 32 | 4465g | / | 2340w |
| 0:03 | Peon |
| 0:03 | Peon |
| 0:06 | Altar of Storms |
| 0:19 | Orc Burrow |
| 0:24 | Peon |
| 0:34 | Peon |
| 0:50 | War Mill |
| 1:00 | Peon |
| 1:11 | Voodoo Lounge |
| 1:15 | Peon |
| 1:22 | Peon |
| 1:31 | Peon |
| 1:50 | Orc Burrow |
| 2:01 | Watch Tower |
| 2:06 | Shockwave |
| 2:09 | Peon |
| 2:21 | Peon |
| 2:31 | Watch Tower |
| 2:45 | Peon |
| 2:46 | Peon |
| 2:57 | Healing Salve |
| 3:02 | Watch Tower |
| 3:44 | Watch Tower |
| 3:47 | Peon |
| 3:47 | Peon |
| 3:53 | Endurance Aura |
| 4:05 | Great Hall |
| 4:07 | Watch Tower |
| 4:37 | Lesser Clarity Potion |
| 4:39 | Healing Salve |
| 4:44 | Stronghold |
| 5:00 | Watch Tower |
| 5:20 | Watch Tower |
| 5:21 | Watch Tower |
| 5:38 | Shockwave |
| 5:52 | Great Hall |
| 6:03 | Watch Tower |
| 6:28 | Watch Tower |
| 6:44 | Orc Burrow |
| 7:14 | Watch Tower |
| 7:46 | Watch Tower |
| 8:09 | Hex |
| 8:29 | Peon |
| 8:29 | Peon |
| 8:30 | Peon |
| 8:30 | Peon |
| 8:31 | Watch Tower |
| 8:39 | Reinforced Defenses |
| 8:42 | Voodoo Lounge |
| 8:45 | Voodoo Lounge |
| 8:50 | Watch Tower |
| 8:57 | Voodoo Lounge |
| 9:21 | Fortress |
| 9:35 | Watch Tower |
| 10:18 | Watch Tower |
| 10:22 | Boots of Speed |
| 10:22 | Staff of Teleportation |
| 10:48 | Watch Tower |
| 10:52 | Watch Tower |
| 11:04 | Healing Salve |
| 11:15 | Spiked Barricades |
| 11:27 | Watch Tower |
| 11:32 | Watch Tower |
| 11:39 | Boots of Speed |
| 11:40 | Circlet of Nobility |
| 11:53 | Watch Tower |
| 12:18 | Improved Spiked Barricades |
| 13:04 | Healing Wave |
| 13:19 | Endurance Aura |
| Right click | 900 |
| Select | 280 |
| Select group | 146 |
| Misc. action | 65 |
| Chat | 64 |
| Build/train/purchase | 59 |
| Use ability | 37 |
| Assign group | 2 |
| Item give/drop | 2 |
| Esc | 2 |
iggythefisk
(13:35) : | Peasant | 48 | 3600 | / | 0 |
| total: | 48 | 3600g | / | 0w |
| Scout Tower | 85 | 2550 | / | 1700 |
| Arcane Tower | 2 | 140 | / | 100 |
| Guard Tower | 48 | 3360 | / | 2400 |
| Lumber Mill | 2 | 240 | / | 0 |
| Farm | 3 | 240 | / | 60 |
| Arcane Vault | 1 | 130 | / | 30 |
| Town Hall | 2 | 770 | / | 410 |
| Altar of Kings | 1 | 180 | / | 50 |
| Arcane Sanctum | 1 | 150 | / | 140 |
| Keep | 1 | 320 | / | 210 |
| Castle | 1 | 360 | / | 210 |
| total: | 95 | 4260g | / | 2390w |
| 0:02 | Peasant |
| 0:04 | Lumber Mill |
| 0:05 | Peasant |
| 0:13 | Farm |
| 0:14 | Peasant |
| 0:20 | Peasant |
| 0:29 | Peasant |
| 0:48 | Farm |
| 0:51 | Peasant |
| 1:04 | Scout Tower |
| 1:27 | Peasant |
| 1:29 | Improved Masonry |
| 1:30 | Peasant |
| 1:32 | Arcane Tower |
| 1:41 | Peasant |
| 1:47 | Scout Tower |
| 1:50 | Peasant |
| 2:06 | Peasant |
| 2:17 | Guard Tower |
| 2:19 | Scout Tower |
| 2:20 | Peasant |
| 2:31 | Scout Tower |
| 2:32 | Peasant |
| 2:40 | Peasant |
| 3:00 | Peasant |
| 3:03 | Guard Tower |
| 3:14 | Peasant |
| 3:16 | Scout Tower |
| 3:20 | Peasant |
| 3:27 | Arcane Vault |
| 3:32 | Peasant |
| 3:44 | Town Hall |
| 3:55 | Guard Tower |
| 3:57 | Scout Tower |
| 4:08 | Peasant |
| 4:17 | Scout Tower |
| 4:42 | Guard Tower |
| 4:45 | Scout Tower |
| 5:09 | Keep |
| 5:12 | Peasant |
| 5:12 | Peasant |
| 5:18 | Scout Tower |
| 5:19 | Guard Tower |
| 5:24 | Arcane Tower |
| 5:31 | Peasant |
| 5:37 | Peasant |
| 5:47 | Peasant |
| 5:48 | Guard Tower |
| 5:51 | Scout Tower |
| 5:53 | Scout Tower |
| 5:53 | Scout Tower |
| 6:06 | Peasant |
| 6:07 | Peasant |
| 6:23 | Guard Tower |
| 6:25 | Scout Tower |
| 6:39 | Peasant |
| 6:43 | Farm |
| 6:54 | Scout Tower |
| 6:55 | Scout Tower |
| 6:58 | Scout Tower |
| 7:00 | Peasant |
| 7:02 | Guard Tower |
| 7:03 | Scout Tower |
| 7:11 | Peasant |
| 7:18 | Guard Tower |
| 7:22 | Scout Tower |
| 7:24 | Scout Tower |
| 7:25 | Guard Tower |
| 7:29 | Scout Tower |
| 7:31 | Advanced Masonry |
| 7:33 | Arcane Sanctum |
| 7:39 | Altar of Kings |
| 7:40 | Peasant |
| 7:44 | Peasant |
| 7:45 | Guard Tower |
| 7:54 | Guard Tower |
| 7:56 | Guard Tower |
| 7:57 | Scout Tower |
| 7:58 | Scout Tower |
| 7:59 | Guard Tower |
| 8:01 | Scout Tower |
| 8:04 | Scout Tower |
| 8:05 | Scout Tower |
| 8:05 | Scout Tower |
| 8:11 | Scout Tower |
| 8:12 | Scout Tower |
| 8:14 | Guard Tower |
| 8:16 | Scout Tower |
| 8:16 | Scout Tower |
| 8:18 | Peasant |
| 8:18 | Peasant |
| 8:25 | Peasant |
| 8:25 | Peasant |
| 8:25 | Peasant |
| 8:27 | Guard Tower |
| 8:30 | Lumber Mill |
| 8:31 | Peasant |
| 8:32 | Guard Tower |
| 8:35 | Scout Tower |
| 8:38 | Scout Tower |
| 8:39 | Scout Tower |
| 8:39 | Scout Tower |
| 8:41 | Guard Tower |
| 8:42 | Guard Tower |
| 8:43 | Guard Tower |
| 8:52 | Scout Tower |
| 9:03 | Guard Tower |
| 9:06 | Scout Tower |
| 9:06 | Guard Tower |
| 9:08 | Scout Tower |
| 9:10 | Guard Tower |
| 9:16 | Peasant |
| 9:17 | Guard Tower |
| 9:20 | Scout Tower |
| 9:21 | Scout Tower |
| 9:22 | Scout Tower |
| 9:23 | Peasant |
| 9:23 | Peasant |
| 9:26 | Castle |
| 9:28 | Magic Sentry |
| 9:35 | Guard Tower |
| 9:37 | Scout Tower |
| 9:38 | Scout Tower |
| 9:39 | Scout Tower |
| 9:43 | Guard Tower |
| 9:46 | Scout Tower |
| 9:46 | Scout Tower |
| 9:53 | Scout Tower |
| 9:56 | Peasant |
| 9:56 | Peasant |
| 10:05 | Guard Tower |
| 10:07 | Scout Tower |
| 10:07 | Scout Tower |
| 10:08 | Scout Tower |
| 10:09 | Guard Tower |
| 10:18 | Guard Tower |
| 10:19 | Scout Tower |
| 10:23 | Scout Tower |
| 10:24 | Scout Tower |
| 10:29 | Guard Tower |
| 10:32 | Guard Tower |
| 10:56 | Scout Tower |
| 10:57 | Scout Tower |
| 10:57 | Scout Tower |
| 11:01 | Guard Tower |
| 11:09 | Scout Tower |
| 11:14 | Guard Tower |
| 11:17 | Improved Lumber Harvesting |
| 11:20 | Peasant |
| 11:20 | Peasant |
| 11:26 | Scout Tower |
| 11:27 | Scout Tower |
| 11:37 | Guard Tower |
| 11:46 | Peasant |
| 11:48 | Imbued Masonry |
| 11:50 | Guard Tower |
| 11:52 | Scout Tower |
| 11:52 | Scout Tower |
| 11:53 | Scout Tower |
| 11:54 | Scout Tower |
| 11:56 | Guard Tower |
| 12:02 | Scout Tower |
| 12:03 | Scout Tower |
| 12:04 | Scout Tower |
| 12:16 | Scout Tower |
| 12:17 | Scout Tower |
| 12:18 | Scout Tower |
| 12:18 | Scout Tower |
| 12:19 | Scout Tower |
| 12:23 | Town Hall |
| 12:26 | Guard Tower |
| 12:34 | Advanced Lumber Harvesting |
| 12:35 | Guard Tower |
| 12:36 | Scout Tower |
| 12:37 | Scout Tower |
| 12:41 | Peasant |
| 12:41 | Peasant |
| 12:52 | Guard Tower |
| 12:55 | Peasant |
| 13:02 | Guard Tower |
| 13:04 | Scout Tower |
| 13:04 | Scout Tower |
| 13:05 | Scout Tower |
| 13:06 | Scout Tower |
| 13:09 | Guard Tower |
| 13:10 | Scout Tower |
| 13:12 | Scout Tower |
| 13:13 | Scout Tower |
| 13:15 | Scout Tower |
| 13:15 | Scout Tower |
| 13:15 | Scout Tower |
| 13:16 | Scout Tower |
| 13:17 | Scout Tower |
| 13:17 | Scout Tower |
| 13:19 | Guard Tower |
| 13:33 | Guard Tower |
| 13:35 | Guard Tower |
| Assign group | 546 |
| Select | 316 |
| Right click | 296 |
| Select group | 150 |
| Build/train/purchase | 132 |
| Chat | 18 |
| Misc. action | 7 |
| Resource trade | 6 |
| Use ability | 2 |
| Remove unit | 2 |
⇛